 Dungeon Crawl Stone Soup version 0.31-a0-219-g8d62b2e7bb (webtiles) character file.

Game seed: 8511759131512181995

49 qw the Shooter (level 3, -7/29 HPs)
             Began as a Minotaur Hexslinger on July 3, 2023.
             Killed from afar by Sigmund (9 damage)
             ... with a puff of flame
             ... on level 2 of the Dungeon.
             The game lasted 00:00:37 (1552 turns).

qw the Shooter (Minotaur Hexslinger)                Turns: 1552, Time: 00:00:37

Health: -7/29      AC:  3    Str: 12    XL:     3   Next: 51%
Magic:  3/3        EV: 12    Int: 10    God:
Gold:   139        SH:  0    Dex: 14    Spells: 3/4 levels left

rFire   . . .        Y - +1 sling
rCold   . . .        (no shield)
rNeg    . . .        g - +0 leather armour
rPois   .            (helmet restricted)
rElec   .            (no cloak)
rCorr   .            (no gloves)
SInv    .            (no boots)
Will    .....        (no amulet)
Stlth   +            (no ring)
HPRegen 0.24/turn    (no ring)
MPRegen 0.08/turn

%: no passive effects
@: no status effects
A: horns 2, retaliatory headbutt
a: no special abilities


You were on level 2 of the Dungeon.
You visited 1 branch of the dungeon, and saw 2 of its levels.

You collected 139 gold pieces.


Innate Abilities, Weirdness & Mutations

You have a pair of horns on your head.
You reflexively headbutt those who attack you in melee.


   Skills:
 - Level 2.0 Fighting
 + Level 4.1 Ranged Weapons
 - Level 2.1 Dodging
 - Level 1.0 Spellcasting
 - Level 2.0 Hexes


You had 3 spell levels left.
You knew the following spells:

 Your Spells              Type           Power      Damage    Failure   Level
a - Slow                  Hex            16%        N/A       19%         1

Your spell library contained the following spells:

 Spells                   Type           Power      Damage    Failure   Level
 Inner Flame              Hex/Fire       2%         N/A       65%         3
 Portal Projectile        Hex/Tloc       4%         N/A       65%         3
 Cause Fear               Hex            2%         N/A       88%         4

Inventory:

Hand Weapons
 Y - a +1 sling (weapon)
Armour
 g - a +0 leather armour (worn)
Scrolls
 a - a scroll of identify
 d - a scroll of vulnerability {unknown}
Potions
 b - a potion of heal wounds {unknown}
 e - a potion of curing {unknown}
 f - a potion of attraction {unknown}
 h - a potion of haste {unknown}
 i - a potion of magic {unknown}

Dungeon Overview and Level Annotations

Branches:
Dungeon (2/15)

Altars:

Shops:
D:1 *=[

Annotations:
D:2 Sigmund


Message History

The sling bullet closely misses Sigmund.
Sigmund misses you.
You shoot a sling bullet.
The sling bullet closely misses Sigmund.
Sigmund hits you from afar with a +0 scythe.
You shoot a sling bullet. The sling bullet hits Sigmund!
Sigmund is moderately wounded.
You shoot a sling bullet.
The sling bullet hits Sigmund but does no damage.
Sigmund is moderately wounded.
Sigmund points at you and mumbles some strange words.
You resist with significant effort.
Sigmund hits you from afar with a +0 scythe!
Enter note:
Enter note:
Enter note:
Enter note:
1546 ||| DROPPING ring of magical power.
You drop a ring of magical power.
Enter note:
Enter note:
Enter note:
Enter note: You shoot a sling bullet.
The sling bullet hits Sigmund!
Sigmund is heavily wounded.
Sigmund barely misses you.
You shoot a sling bullet.
The sling bullet closely misses Sigmund.
Sigmund hits you with a +0 scythe!
You shoot a sling bullet.
The sling bullet closely misses Sigmund.
Sigmund barely misses you.
You shoot a sling bullet.
The sling bullet closely misses Sigmund.
You shoot a sling bullet.
The sling bullet hits Sigmund but does no damage.
Sigmund is heavily wounded.
Sigmund casts a spell at you. The puff of flame hits you!
You die...

#. .# # ###
<############# # ..
....##.......# # #.
.#..##.>.....# #
#.#.#.=##.......#### #
#...#..##..........#
#.#.@##..##.......##.#
#.#.=@#..##.......##..
#...#....##.......##.#
###...##############.#
##.######### #..
#.#.......## #.#
#.#.##.....# #.#
#.#.##.##..######.#
#......##.........#
###.#####.#########


You could see Sigmund.

Vanquished Creatures
  3 dart slugs
  4 ball pythons
  2 endoplasms (D:1)
  A giant cockroach (D:2)
  2 goblins
  5 hobgoblins (D:1)
  3 jackals (D:2)
  4 kobolds
  4 quokkas (D:1)
  5 bats
  A frilled lizard (D:1)
  A rat (D:1)
35 creatures vanquished.

Notes
Turn   | Place    | Note
-------+----------+-------------------------------------------
     0 | D:1      | qw the Minotaur Hexslinger began the quest for the Orb.
     0 | D:1      | Reached XP level 1. HP: 16/16 MP: 1/1
     0 | D:1      | 0 ||| qw: Version: 0.3-a-40-ge99b1a8
     0 | D:1      | 0 ||| qw: Game counter: 422
     0 | D:1      | 0 ||| qw: Melee chars always use a shield: true
     0 | D:1      | 0 ||| qw: God list: Okawaru
     0 | D:1      | 0 ||| qw: Allow faded altars: false
     0 | D:1      | 0 ||| qw: Do Orc after clearing Dungeon:15 true
     0 | D:1      | 0 ||| qw: Do second Lair branch before Depths: true
     0 | D:1      | 0 ||| qw: Lair rune preference: random
     0 | D:1      | 0 ||| qw: Goals: Normal
     0 | D:1      | 0 ||| PLANNING D:1-11
    86 | D:1      | Reached skill level 3 in Ranged Weapons
    87 | D:1      | Reached XP level 2. HP: 14/23 MP: 2/2
   129 | D:1      | Found a faded altar of an unknown god.
   138 | D:1      | 138 ||| Stepping ~*~*~tactically~*~*~ (water).
   141 | D:1      | 141 ||| Stepping ~*~*~tactically~*~*~ (water).
   144 | D:1      | 144 ||| Stepping ~*~*~tactically~*~*~ (water).
   511 | D:1      | 511 ||| FLEEEEING.
   512 | D:1      | 512 ||| FLEEEEING.
   513 | D:1      | 513 ||| FLEEEEING.
   514 | D:1      | 514 ||| FLEEEEING.
   515 | D:1      | 515 ||| FLEEEEING.
   516 | D:1      | 516 ||| FLEEEEING.
   532 | D:1      | 532 ||| FLEEEEING.
   533 | D:1      | 533 ||| FLEEEEING.
   534 | D:1      | 534 ||| FLEEEEING.
   624 | D:1      | Found Poora's Jewellery Shop.
   635 | D:1      | 635 ||| SHOPLISTING amulet of reflection (300 gold, have
                  | 38).
   635 | D:1      | 635 ||| SHOPLISTING ring "Muecru" {rPois AC+4 Str+6} (598
                  | gold, have 38).
   635 | D:1      | 635 ||| SHOPLISTING ring of ice (250 gold, have 38).
   635 | D:1      | 635 ||| SHOPLISTING ring of resist corrosion (200 gold,
                  | have 38).
   635 | D:1      | 635 ||| SHOPLISTING ring of see invisible (150 gold, have
                  | 38).
   635 | D:1      | 635 ||| SHOPLISTING ring of willpower (250 gold, have 38).
   653 | D:1      | Found Voarph's Antique Armour Emporium.
   656 | D:1      | 656 ||| SHOPLISTING glowing ring mail (154 gold, have 38).
   656 | D:1      | 656 ||| SHOPLISTING leather armour (44 gold, have 38).
   656 | D:1      | 656 ||| SHOPLISTING runed hat (154 gold, have 38).
   656 | D:1      | 656 ||| SHOPLISTING runed leather armour (110 gold, have
                  | 38).
   721 | D:1      | Found Hupam's General Store.
   727 | D:1      | 727 ||| SHOPLISTING +0 pair of gloves (54 gold, have 38).
   727 | D:1      | 727 ||| SHOPLISTING potion of heal wounds (60 gold, have
                  | 38).
   727 | D:1      | 727 ||| SHOPLISTING scroll of enchant weapon (90 gold, have
                  | 38).
  1055 | D:1      | 1055 ||| UPGRADING to +0 leather armour.
  1065 | D:1      | 1065 ||| DROPPING +0 robe.
  1066 | D:1      | 1066 ||| READING 2 scrolls labelled JUYWKIREKK.
  1067 | D:1      | 1067 ||| READING scroll labelled BARAUNU ZOTUAHIX.
  1068 | D:1      | 1068 ||| DROPPING scroll of poison.
  1076 | D:2      | 1076 ||| STAIRDANCE
  1079 | D:1      | Reached XP level 3. HP: 20/29 MP: 3/3
  1131 | D:2      | 1131 ||| STAIRDANCE
  1320 | D:2      | Reached skill level 4 in Ranged Weapons
  1541 | D:2      | Noticed Sigmund
  1546 | D:2      | 1546 ||| DROPPING ring of magical power.
  1549 | D:2      | HP: 1/29 [Sigmund/+0 scythe (12)]
  1552 | D:2      | Killed from afar by Sigmund

Levels and vault maps discovered:
D:1:      evilmike_arrival_crescent, layout_loops_corners, serial_shops,
          nicolae_shop_window_shopping, shop, shop,
          chequers_ecumenical_altar_island, minivault_11, serial_park_tiny_1,
          hangedman_feature_mirror, minmay_vboxes
D:2:      layout_loops_cross, minmay_close_crescents, uniq_sigmund

Skill      XL: |  1  2  3 |
---------------+----------+-----
Ranged Weapons | 3 4 |  4.1
Fighting       | 2 |  2.0
Dodging        | |  2.1
Spellcasting   | |  1.0
Hexes          | |  2.0

Action                     || total
---------------------------++-------
   Fire: Sling             ||   123
    Use: Scroll            ||     2
 Armour: Robe              ||     4
         Leather armour    ||    20
  Dodge: Dodged            ||    64

Table legend:
 A = Non-vault XP
 B = Vault XP
 C = Vault XP percentage of total XP
 D = Non-vault monster count
 E = Vault monster count
 F = Vault count percentage of total count
                 A         B        C        D         E       F
            +---------+---------+-------+---------+---------+-------
      Total |      53 |      17 |  24.3 |      26 |       9 |  25.7
            +---------+---------+-------+---------+---------+-------
        D:1 |      34 |      10 |  22.7 |      18 |       5 |  21.7
        D:2 |      19 |       7 |  26.9 |       8 |       4 |  33.3
            +---------+---------+-------+---------+---------+-------
